 Dungeon Crawl Stone Soup version 0.21-a0-529-g8c7b3f5 (webtiles) character file.

698 teukkam the Fighter (level 7, 0/63 HPs)
             Began as a Gnoll Wanderer on Dec 11, 2017.
             Slain by a jackal (3 damage)
             ... on level 5 of the Dungeon.
             The game lasted 00:19:02 (3571 turns).

teukkam the Fighter (Gnoll Wanderer)                Turns: 3571, Time: 00:19:03

Health: 0/63       AC:  7    Str: 17      XL:     7   Next: 65%
Magic:  10/10      EV: 10    Int: 13      God:
Gold:   164        SH: 13    Dex: 16 (17) Spells: 11/11 levels left

rFire    . . .     SeeInvis .   a - +0 falchion
rCold    + . .     Gourm    .   v - +0 large shield
rNeg     . . .     Faith    .   t - +1 leather armour {rC+}
rPois    .         Spirit   .   (no helmet)
rElec    .         Reflect  .   (no cloak)
rCorr    .         Harm     .   s - +0 pair of gloves
MR       .....                  r - +0 pair of boots
Stlth    ++........             j - amulet of magic regeneration
HPRegen  0.20/turn              (no ring)
MPRegen  0.37/turn              (no ring)

@: no status effects
A: distributed training, fangs 1, agile 1, sturdy frame 1, strong nose
a: no special abilities


You were on level 5 of the Dungeon.
You were hungry.

You visited 1 branch of the dungeon, and saw 6 of its levels.
You also visited: Sewer.

You collected 164 gold pieces.

Inventory:

Hand Weapons
 a - a +0 falchion (weapon)
 b - a +2 blowgun
 l - a +2 spear of pain
 C - a +0 flail of venom
Missiles
 c - 3 needles of paralysis
 w - 6 tomahawks (quivered)
 y - 5 javelins
 z - 15 sling bullets
Armour
 r - a +0 pair of boots (worn)
 s - a +0 pair of gloves (worn)
 t - a +1 leather armour of cold resistance (worn)
 v - a +0 large shield (worn)
 B - a +0 pair of boots
Jewellery
 j - an amulet of magic regeneration (around neck)
Wands
 g - a wand of disintegration (9)
Scrolls
 d - a scroll of teleportation
 h - 6 scrolls of identify
 i - 2 scrolls of enchant armour
 k - 2 scrolls of blinking {unknown}
 m - a scroll of magic mapping {unknown}
 o - 3 scrolls of remove curse {unknown}
 p - a scroll of fog {unknown}
 q - 4 scrolls of enchant weapon {unknown}
 x - 2 scrolls of amnesia {unknown}
 A - a scroll of immolation {unknown}
Potions
 n - a potion of mutation
Comestibles
 f - 5 bread rations
 u - a fruit


   Skills:
 + Level 8.9 Fighting
 + Level 2.5 Short Blades
 + Level 3.7 Long Blades
 + Level 2.5 Axes
 + Level 2.5 Maces & Flails
 + Level 2.5 Polearms
 + Level 2.5 Staves
 + Level 2.5 Slings
 + Level 2.5 Bows
 + Level 2.5 Crossbows
 + Level 3.7 Throwing
 + Level 5.3 Armour
 + Level 3.7 Dodging
 + Level 2.5 Stealth
 + Level 3.7 Shields
 + Level 2.5 Unarmed Combat
 + Level 2.5 Spellcasting
 + Level 2.1 Conjurations
 + Level 2.1 Hexes
 + Level 2.1 Charms
 + Level 2.1 Summonings
 + Level 2.1 Necromancy
 + Level 2.1 Translocations
 + Level 2.1 Transmutations
 + Level 2.1 Fire Magic
 + Level 2.1 Ice Magic
 + Level 2.1 Air Magic
 + Level 2.1 Earth Magic
 + Level 2.1 Poison Magic
 + Level 2.8 Invocations
 + Level 2.5 Evocations


You had 11 spell levels left.
You didn't know any spells.

Dungeon Overview and Level Annotations

Branches:
Dungeon (6/15)
 Temple: D:4-7

Altars:
Ashenzari
Dithmenos
Fedhas
Hepliaklqana

Annotations:
D:5 Grinder


Innate Abilities, Weirdness & Mutations

Your experience applies equally to all skills.
You have very sharp teeth.
Your uncanny sense of smell can sniff out nearby items.
You are agile. (Dex +2)
Your movements are slightly less encumbered by armour. (ER -2)


Message History

The shadow imp summons a swarm of flies.
There is a stone staircase leading up here.
You climb upwards.
Level annotation: Grinder
There is a stone staircase leading down here.
You feel sick.
You are no longer poisoned.
The jackal barks!
Your shield prevents you from hitting the jackal.
The jackal bites you but does no damage. x2
You closely miss the jackal.
The jackal bites you but does no damage.
The jackal closely misses you.
You riposte.
You barely miss the jackal. You bite the jackal.
The jackal is lightly wounded.
You hit the jackal but do no damage. Your bite misses the jackal.
The jackal is lightly wounded.
The jackal bites you but does no damage.
The jackal bites you.
You die...

... #!# #.#. ∆
##.#### ####.## #.##
#...... ....h$ .
#.....# #.##h# ## .
#..##.###.##h#
..##.........##.#
#........>......#
##....h....##.####
#...@h.............#
#......#...#..####.#
#......#..........
##.....#.....####
#.###.#......# #.
#.####...# #.
#..+_#...# #.
#####...# #......#


You could see 2 jackals.

Vanquished Creatures
  Eustachio (D:4)
  A centaur (D:4)
  2 bullfrogs (Sewer)
  A hound (D:4)
  4 worker ants (D:4)
  7 adders
  8 oozes (Sewer)
  2 adder skeletons (D:4)
  2 dart slugs
  10 leopard geckos
  9 orcs
  12 giant cockroaches
  A goblin (D:3)
  8 hobgoblins
  8 jackals
  A quokka (D:3)
  10 ball pythons
  A bat (D:1)
  12 frilled lizards
  4 kobolds
  10 rats
114 creatures vanquished.

Notes
Turn   | Place    | Note
-------+----------+-------------------------------------------
     0 | D:1      | teukkam the Gnoll Wanderer began the quest for the Orb.
     0 | D:1      | teukkam set off with: 2 curare-tipped needles, a +2 blowgun, a +0 falchion, a scroll of teleportation, a +0 robe, a bread ration
     0 | D:1      | Reached XP level 1. HP: 26/26 MP: 1/1
   147 | D:1      | Reached XP level 2. HP: 29/33 MP: 2/2
   537 | D:2      | Reached XP level 3. HP: 27/38 MP: 3/3
   625 | D:3      | Reached skill level 1 in Invocations
   936 | D:3      | Reached skill level 1 in Short Blades
   936 | D:3      | Reached skill level 1 in Axes
   936 | D:3      | Reached skill level 1 in Maces & Flails
   936 | D:3      | Reached skill level 1 in Polearms
   936 | D:3      | Reached skill level 1 in Staves
   936 | D:3      | Reached skill level 1 in Slings
   936 | D:3      | Reached skill level 1 in Bows
   936 | D:3      | Reached skill level 1 in Crossbows
   936 | D:3      | Reached skill level 1 in Stealth
   936 | D:3      | Reached skill level 1 in Unarmed Combat
   936 | D:3      | Reached skill level 1 in Spellcasting
   936 | D:3      | Reached skill level 1 in Evocations
   948 | D:3      | Reached XP level 4. HP: 44/45 MP: 5/5
  1076 | D:3      | Found a hazy altar of Hepliaklqana.
  1327 | D:4      | Found a glowing drain.
  1353 | Sewer    | Entered a sewer
  1436 | Sewer    | Reached skill level 1 in Conjurations
  1436 | Sewer    | Reached skill level 1 in Hexes
  1436 | Sewer    | Reached skill level 1 in Charms
  1436 | Sewer    | Reached skill level 1 in Summonings
  1436 | Sewer    | Reached skill level 1 in Necromancy
  1436 | Sewer    | Reached skill level 1 in Translocations
  1436 | Sewer    | Reached skill level 1 in Transmutations
  1436 | Sewer    | Reached skill level 1 in Fire Magic
  1436 | Sewer    | Reached skill level 1 in Ice Magic
  1436 | Sewer    | Reached skill level 1 in Air Magic
  1436 | Sewer    | Reached skill level 1 in Earth Magic
  1436 | Sewer    | Reached skill level 1 in Poison Magic
  1607 | Sewer    | Reached XP level 5. HP: 51/51 MP: 6/6
  1734 | Sewer    | Gained mutation: Your movements are slightly less encumbered by armour. (ER -2) [potion of mutation]
  1734 | Sewer    | Gained mutation: You are agile. (Dex +2) [potion of mutation]
  1742 | Sewer    | Reached XP level 6. HP: 17/57 MP: 8/8
  1963 | Sewer    | Reached skill level 5 in Armour
  2220 | D:4      | Found a shadowy altar of Dithmenos.
  2237 | D:4      | Found a blossoming altar of Fedhas.
  2303 | D:4      | Reached XP level 7. HP: 41/63 MP: 10/10
  2530 | D:4      | Noticed Eustachio
  3088 | D:4      | Killed Eustachio
  3120 | D:5      | Entered Level 5 of the Dungeon
  3132 | D:5      | Found a shattered altar of Ashenzari.
  3164 | D:5      | Noticed a hornet
  3170 | D:5      | Noticed Grinder
  3171 | D:5      | Paralysed by Grinder for 2 turns
  3190 | D:5      | HP: 3/63 [poisoned by a hornet]
  3196 | D:5      | HP: 2/63 [poisoned by a hornet]
  3204 | D:5      | HP: 2/63 [poisoned by a hornet]
  3552 | D:6      | HP: 3/63 [poisoned by an orc]
  3560 | D:6      | HP: 3/63 [poisoned by an orc]
  3567 | D:5      | HP: 2/63 [poisoned by an orc]
  3571 | D:5      | Slain by a jackal

Vault maps used:
D:1:      dpeg_arrival_another_circle
D:3:      lemuel_doored_altar, first_bread, serial_curves, eino_curves_02,
          eino_curves_01, eino_curves_04, eino_curves_02
D:4:      fedhas_bush_and_centaur_altar, kennysheep_mini, portal_sewer_entry_e,
          uniq_eustachio
D:5:      ashenzari_conservatory_becter, makhleb_grotto_becter,
          trog_three_pillars_becter, uniq_grinder
D:6:      uniq_sigmund
Sewer:    sewer_frog_island_02

Skill      XL: |  1  2  3  4  5  6  7 |
---------------+----------------------+-----
Invocations    | 1 2 |  2.8
Short Blades   | 1 2 |  2.5
Axes           | 1 2 |  2.5
Maces & Flails | 1 2 |  2.5
Polearms       | 1 2 |  2.5
Staves         | 1 2 |  2.5
Slings         | 1 2 |  2.5
Bows           | 1 2 |  2.5
Crossbows      | 1 2 |  2.5
Stealth        | 1 2 |  2.5
Unarmed Combat | 1 2 |  2.5
Spellcasting   | 1 2 |  2.5
Evocations     | 1 2 |  2.5
Conjurations   | 1 2 |  2.1
Hexes          | 1 2 |  2.1
Charms         | 1 2 |  2.1
Summonings     | 1 2 |  2.1
Necromancy     | 1 2 |  2.1
Translocations | 1 2 |  2.1
Transmutations | 1 2 |  2.1
Fire Magic     | 1 2 |  2.1
Ice Magic      | 1 2 |  2.1
Air Magic      | 1 2 |  2.1
Earth Magic    | 1 2 |  2.1
Poison Magic   | 1 2 |  2.1
Long Blades    | 3 |  3.7
Throwing       | 3 |  3.7
Dodging        | 3 |  3.7
Shields        | 3 |  3.7
Armour         | 5 |  5.3
Fighting       | |  8.9

Action                   |  1- 3 |  4- 6 |  7- 9 || total
-------------------------+-------+-------+-------++-------
Melee: Falchion          |   100 |   176 |    78 ||   354
       Bite              |    12 |    21 |    13 ||    46
       Spear             |       |    17 |       ||    17
       Punch             |       |       |     1 ||     1
 Fire: Blowgun           |     4 |       |     4 ||     8
Throw: Tomahawk          |     8 |    44 |     3 ||    55
       Throwing net      |     1 |       |       ||     1
       Javelin           |       |     1 |       ||     1
  Use: Potion            |       |     3 |       ||     3
       Scroll            |       |     1 |     6 ||     7
 Stab: Paralysed         |       |       |     4 ||     4
       Fleeing           |       |       |     1 ||     1
  Eat: Chunk             |       |     2 |       ||     2
       Royal jelly       |       |     1 |       ||     1
       Meat ration       |       |     1 |       ||     1
Armor: Ring mail         |    31 |       |       ||    31
       Robe              |     2 |       |       ||     2
       Scale mail        |     3 |   130 |    48 ||   181
       Leather armour    |       |       |    12 ||    12
Dodge: Dodged            |    58 |   159 |    78 ||   295
Block: Large shield      |       |       |    21 ||    21
       Rpst.: Falchion   |    18 |    54 |    19 ||    91

Table legend:
 A = Spawn XP
 B = Non-spawn XP
 C = Spawn XP percentage of total XP
 D = Spawn monster count
 E = Non-spawn monster count
 F = Spawn count percentage of total count
 G = Total turns spent on level
                    A         B        C        D         E        F      G
               +---------+---------+-------+---------+---------+-------+---------
         Total |       0 |     998 |   0.0 |       0 |     114 |   0.0 |  3571
               +---------+---------+-------+---------+---------+-------+---------
           D:1 |       0 |      26 |   0.0 |       0 |      16 |   0.0 |   478
           D:2 |       0 |      16 |   0.0 |       0 |       7 |   0.0 |   122
           D:3 |       0 |      42 |   0.0 |       0 |      17 |   0.0 |   679
           D:4 |       0 |     555 |   0.0 |       0 |      25 |   0.0 |  1083
           D:5 |       0 |       2 |   0.0 |       0 |       1 |   0.0 |   404
           D:6 |       0 |       6 |   0.0 |       0 |       2 |   0.0 |    47
         Sewer |       0 |     351 |   0.0 |       0 |      46 |   0.0 |   758
               +---------+---------+-------+---------+---------+-------+---------
